% Time on Ice - KANSAS CITY KILLERBEES
Lines # - Real PCT - Wanted PCT - Time Play
Normal Forward
1 - 31% - 36% - 14:26
2 - 26% - 31% - 12:13
3 - 26% - 23% - 12:13
4 - 17% - 10% - 7:41
Normal Defense
1 - 33% - 36% - 15:27
2 - 28% - 31% - 12:56
3 - 34% - 23% - 15:48
4 - 5% - 10% - 2:22
PP Forward
1 - 50% - 55% - 2:57
2 - 50% - 45% - 3:00
PP Defense
1 - 61% - 55% - 3:36
2 - 39% - 45% - 2:21
PK Forward
1 - 66% - 55% - 4:56
2 - 34% - 45% - 2:34
PK Defense
1 - 45% - 55% - 3:21
2 - 55% - 45% - 4:09
PK3 Forward
1 - 0% - 55%
2 - 0% - 45%
PK3 Defense
1 - 0% - 55%
2 - 0% - 45%
44 Forward
1 - 0% - 55%
2 - 0% - 45%
44 Defense
1 - 0% - 55%
2 - 0% - 45%
Last Minute Offensive  - 0:00
Last Minute Defensive  - 0:00
Total
Forward - 60:00
Defense - 60:00
% Time on Ice - LAS VEGAS LIZARD KINGS
Lines # - Real PCT - Wanted PCT - Time Play
Normal Forward
1 - 31% - 36% - 14:25
2 - 28% - 31% - 12:53
3 - 28% - 23% - 12:58
4 - 13% - 10% - 6:17
Normal Defense
1 - 34% - 36% - 15:40
2 - 33% - 31% - 15:09
3 - 31% - 23% - 14:12
4 - 3% - 10% - 1:32
PP Forward
1 - 56% - 55% - 4:11
2 - 44% - 45% - 3:19
PP Defense
1 - 50% - 55% - 3:44
2 - 50% - 45% - 3:46
PK Forward
1 - 60% - 55% - 3:34
2 - 40% - 45% - 2:23
PK Defense
1 - 54% - 55% - 3:13
2 - 46% - 45% - 2:44
PK3 Forward
1 - 0% - 55%
2 - 0% - 45%
PK3 Defense
1 - 0% - 55%
2 - 0% - 45%
44 Forward
1 - 0% - 55%
2 - 0% - 45%
44 Defense
1 - 0% - 55%
2 - 0% - 45%
Last Minute Offensive  - 0:00
Last Minute Defensive  - 0:00
Total
Forward - 60:00
Defense - 60:00
Play-by-Play 1st period 0:01 of 1st period - Johnny Gaudreau wins face-off versus Mason Marchment in neutral zone. 0:27 of 1st period - Ryan Nugent-Hopkins is hit by K'Andre Miller. 0:30 of 1st period - Icing by Alexis Lafreniere. 0:31 of 1st period - Evan Rodrigues wins face-off versus Mason Marchment in KANSAS CITY KILLERBEES zone. 1:03 of 1st period - Ryan Dzingel is hit by Evan Rodrigues and loses puck. 1:15 of 1st period - Evan Rodrigues is hit by Colin Miller and loses puck. 2:12 of 1st period - Shot by Tyler Johnson. 2:12 of 1st period - Goal by Tyler Johnson - KANSAS CITY KILLERBEES : 1 - LAS VEGAS LIZARD KINGS : 0. 2:13 of 1st period - Jake Lucchini wins face-off versus Dylan Gambrell in neutral zone. 2:28 of 1st period - John Klingberg is hit by MacKenzie Entwistle and loses puck. 2:47 of 1st period - Icing by MacKenzie Entwistle. 2:48 of 1st period - Ryan Nugent-Hopkins wins face-off versus Jake Lucchini in KANSAS CITY KILLERBEES zone. 2:49 of 1st period - Shot by Nino Niederreiter. 2:49 of 1st period - Goal by Nino Niederreiter - KANSAS CITY KILLERBEES : 1 - LAS VEGAS LIZARD KINGS : 1. 2:50 of 1st period - Ryan Nugent-Hopkins wins face-off versus Yegor Sharangovich in neutral zone. 2:52 of 1st period - Off-side. 2:53 of 1st period - Tyler Johnson wins face-off versus Nino Niederreiter in neutral zone. 4:13 of 1st period - Shot by Evan Rodrigues. 4:13 of 1st period - Shot Misses the Net. 4:15 of 1st period - Shot by Brandon Hagel. 4:15 of 1st period - Stopped by Ilya Samsonov with a rebound. 4:49 of 1st period - K'Andre Miller is hit by Evan Rodrigues and loses puck. 5:25 of 1st period - Icing by Mason Marchment. 5:26 of 1st period - Sean Monahan wins face-off versus Mason Marchment in KANSAS CITY KILLERBEES zone. 5:30 of 1st period - Zemgus Girgensons is hit by K'Andre Miller and loses puck. 6:11 of 1st period - Shot by Tyler Johnson. 6:11 of 1st period - Shot Misses the Net. 6:22 of 1st period - Icing by Will Butcher. 6:23 of 1st period - Tyler Johnson wins face-off versus Ryan Nugent-Hopkins in KANSAS CITY KILLERBEES zone. 6:56 of 1st period - Icing by Egor Zamula. 6:57 of 1st period - Tyler Johnson wins face-off versus Dylan Gambrell in KANSAS CITY KILLERBEES zone. 7:10 of 1st period - Matt Roy is hit by Buddy Robinson and loses puck. 10:43 of 1st period - Shot by Drake Caggiula. 10:43 of 1st period - Stopped by Ilya Samsonov without a rebound. 10:44 of 1st period - Yegor Sharangovich wins face-off versus Evan Rodrigues in KANSAS CITY KILLERBEES zone. 11:43 of 1st period - Icing by Brandon Hagel. 11:44 of 1st period - Evan Rodrigues wins face-off versus Jake Lucchini in LAS VEGAS LIZARD KINGS zone. 11:44 of 1st period - Evan Rodrigues is hit by MacKenzie Entwistle. 11:57 of 1st period - Icing by Maxwell Willman. 11:58 of 1st period - Jake Lucchini wins face-off versus Ryan Nugent-Hopkins in KANSAS CITY KILLERBEES zone. 12:09 of 1st period - Shot by Maxwell Willman. 12:09 of 1st period - Stopped by Spencer Knight without a rebound. 12:10 of 1st period - Sean Monahan wins face-off versus Mason Marchment in LAS VEGAS LIZARD KINGS zone. 12:27 of 1st period - Mason Marchment is hit by Matt Roy and loses puck. 12:32 of 1st period - Shot by Mason Marchment. 12:32 of 1st period - Stopped by Spencer Knight with a rebound. 13:26 of 1st period - Shot by Ryan Nugent-Hopkins. 13:26 of 1st period - Stopped by Ilya Samsonov without a rebound. 13:27 of 1st period - Tyler Johnson wins face-off versus Evan Rodrigues in KANSAS CITY KILLERBEES zone. 13:27 of 1st period - Tyler Johnson is hit by Evan Rodrigues. 13:38 of 1st period - Victor Olofsson is hit by Tyler Johnson. 13:47 of 1st period - Shot by Victor Olofsson. 13:47 of 1st period - Stopped by Ilya Samsonov with a rebound. 14:35 of 1st period - Ryan Nugent-Hopkins is hit by Colin Miller. 15:30 of 1st period - Shot by Matt Roy. 15:30 of 1st period - Shot Blocked by K'Andre Miller. 15:32 of 1st period - Shot by Sean Monahan. 15:32 of 1st period - Stopped by Ilya Samsonov with a rebound. 16:36 of 1st period - Brandon Hagel is hit by Mason Marchment and loses puck. 18:05 of 1st period - Shot by Nino Niederreiter. 18:05 of 1st period - Shot Misses the Net. 18:07 of 1st period - Shot by Ryan Nugent-Hopkins. 18:07 of 1st period - Stopped by Ilya Samsonov without a rebound. 18:08 of 1st period - Sean Monahan wins face-off versus Mason Marchment in KANSAS CITY KILLERBEES zone. 18:59 of 1st period - Off-side. 19:00 of 1st period - Ryan Nugent-Hopkins wins face-off versus Tyler Johnson in neutral zone. 19:03 of 1st period - Tyler Johnson is hit by Nino Niederreiter and loses puck. 19:20 of 1st period - Shot by Ryan Nugent-Hopkins. 19:20 of 1st period - Deflect By Johnny Gaudreau. 19:20 of 1st period - Shot Misses the Net. 19:41 of 1st period - Icing by Cam Fowler. 19:42 of 1st period - Evan Rodrigues wins face-off versus Tyler Johnson in KANSAS CITY KILLERBEES zone. Goals for this period are 1 for KANSAS CITY KILLERBEES vs 1 for LAS VEGAS LIZARD KINGS. Shots for this period are 3 for KANSAS CITY KILLERBEES vs 7 for LAS VEGAS LIZARD KINGS. 2nd period 0:01 of 2nd period - Ryan Nugent-Hopkins wins face-off versus Mason Marchment in neutral zone. 0:18 of 2nd period - Shot by Johnny Gaudreau. 0:18 of 2nd period - Stopped by Ilya Samsonov with a rebound. 0:36 of 2nd period - Ryan Nugent-Hopkins is hit by Mason Marchment and loses puck. 1:11 of 2nd period - Evan Rodrigues is hit by Colin Miller and loses puck. 1:23 of 2nd period - Shot by Evan Rodrigues. 1:23 of 2nd period - Stopped by Ilya Samsonov without a rebound. 1:24 of 2nd period - Jake Lucchini wins face-off versus Sean Monahan in KANSAS CITY KILLERBEES zone. 1:24 of 2nd period - Minor Penalty to Zemgus Girgensons for Holding. 1:25 of 2nd period - Evan Rodrigues wins face-off versus Mason Marchment in LAS VEGAS LIZARD KINGS zone. 1:48 of 2nd period - Shot by Mason Marchment. 1:48 of 2nd period - Shot Misses the Net. 1:50 of 2nd period - Shot by Cam Fowler. 1:50 of 2nd period - Shot Misses the Net. 1:52 of 2nd period - Shot by Mason Marchment. 1:52 of 2nd period - Stopped by Spencer Knight with a rebound. 1:54 of 2nd period - Shot by Mason Marchment. 1:54 of 2nd period - Stopped by Spencer Knight without a rebound. 1:55 of 2nd period - Yegor Sharangovich wins face-off versus Evan Rodrigues in LAS VEGAS LIZARD KINGS zone. 2:00 of 2nd period - Shot by Ryan Dzingel. 2:00 of 2nd period - Shot Misses the Net. 2:02 of 2nd period - Shot by Yegor Sharangovich. 2:02 of 2nd period - Stopped by Spencer Knight with a rebound. 2:04 of 2nd period - Shot by Keith Yandle. 2:04 of 2nd period - Stopped by Spencer Knight without a rebound. 2:05 of 2nd period - Ryan Nugent-Hopkins wins face-off versus Yegor Sharangovich in LAS VEGAS LIZARD KINGS zone. 2:19 of 2nd period - Icing by Yegor Sharangovich. 2:20 of 2nd period - Yegor Sharangovich wins face-off versus Ryan Nugent-Hopkins in KANSAS CITY KILLERBEES zone. 2:34 of 2nd period - Icing by Yegor Sharangovich. 2:35 of 2nd period - Yegor Sharangovich wins face-off versus Ryan Nugent-Hopkins in KANSAS CITY KILLERBEES zone. 2:35 of 2nd period - Yegor Sharangovich is hit by Johnny Gaudreau. 3:16 of 2nd period - Shot by K'Andre Miller. 3:16 of 2nd period - Shot Misses the Net. 3:18 of 2nd period - Shot by James van Riemsdyk. 3:18 of 2nd period - Stopped by Spencer Knight with a rebound. 3:20 of 2nd period - Shot by K'Andre Miller. 3:20 of 2nd period - Shot Misses the Net. 3:22 of 2nd period - Shot by Cam Fowler. 3:22 of 2nd period - Stopped by Spencer Knight without a rebound. 3:23 of 2nd period - Ryan Nugent-Hopkins wins face-off versus Mason Marchment in LAS VEGAS LIZARD KINGS zone. 3:34 of 2nd period - Shot by Drake Caggiula. 3:34 of 2nd period - Stopped by Ilya Samsonov without a rebound. 3:35 of 2nd period - Nino Niederreiter wins face-off versus Mason Marchment in KANSAS CITY KILLERBEES zone. 3:41 of 2nd period - Minor Penalty to Ryan Nugent-Hopkins for Tripping. 3:42 of 2nd period - Sean Monahan wins face-off versus Mason Marchment in LAS VEGAS LIZARD KINGS zone